 Dungeon Crawl Stone Soup version 0.32-a0-131-g9dbbe29261 (webtiles) character file.

Game seed: 11782312618119077210

21076 zeratav the Mimic (level 12, -1/82 HPs)
             Began as an Octopode Shapeshifter on Feb 8, 2024.
             Was an Initiate of Gozag.
             Slain by a five-headed hydra (8 damage)
             ... on level 4 of the Lair of Beasts.
             The game lasted 00:37:47 (17894 turns).

zeratav the Mimic (Octopode Shapeshifter)          Turns: 17894, Time: 00:37:47

Health: -1/82      AC:  7    Str: 17    XL:     12   Next: 86%
Magic:  12/12      EV: 16    Int: 13    God:    Gozag
Gold:   1296       SH:  0    Dex: 12    Spells: 11/11 levels left

rFire   . .          .
                       - Unarmed
rCold   + . .        (shield currently unavailable)
rNeg    . . .        y - +2 hat
rPois   +            (no amulet)
rElec   .            p - +4 ring of protection
rCorr   .            I - ring of willpower
SInv    .            K - ring of willpower
Will    ++...        N - ring of poison resistance
Stlth   +++++        O - ring of protection from cold
HPRegen 0.33/turn    (no ring)
MPRegen 0.13/turn    (no ring)
                     (no ring)

%: no passive effects
@: blade tentacles
A: almost no armour, amphibious, 8 rings, camouflage 1, gelatinous body 1,
(nimble swimmer 1), tentacles
a: Begin Untransformation, Renounce Religion, Potion Petition, Call Merchant,
Bribe Branch


You were on level 4 of the Lair of Beasts.
You worshipped Gozag.
Gozag was most pleased with you.
You had blades for main tentacles.
You visited 3 branches of the dungeon, and saw 16 of its levels.
You also visited: Sewer.

You collected 3033 gold pieces.
You spent 510 gold pieces at shops.
You paid 1227 gold pieces to Gozag.


Innate Abilities, Weirdness & Mutations

You have blades for main tentacles.
You are incapable of wielding weapons or throwing items.
You cannot wear most types of armour.
You are amphibious.
You can wear up to eight rings at the same time.
Your skin changes colour to match your surroundings (Stealth+).
Your rubbery body absorbs attacks. (AC +1, EV +1)
((You are camouflaged when in or above water. (Stealth+)))
You have tentacles for arms and can constrict up to eight enemies at once.


   Skills:
 - Level 8.0 Fighting
 - Level 3.7 Throwing
 - Level 8.0 Dodging
 - Level 10.0 Stealth
 - Level 8.0 Unarmed Combat
 + Level 13.5 Shapeshifting


You had 11 spell levels left.
You didn't know any spells.
Your spell library contained the following spells:

 Spells                   Type           Power      Damage    Failure   Level
 Shock                    Conj/Air       0%         1d3       30%         1
 Sublimation of Blood     Necr           0%         N/A       43%         2
 Swiftness                Air            0%         N/A       67%         3
 Airstrike                Air            0%         2d(0-16)  97%         4
 Petrify                  Alch/Erth      0%         N/A       97%         4
 Irradiate                Conj/Alch      0%         3d11      100%        5
 Haunt                    Necr/Summ      0%         N/A       100%        7
 Infestation              Necr           0%         N/A       100%        8
 Animate Dead             Necr           Unusable   N/A       N/A         4

Inventory:

Missiles
 u - 38 poisoned darts (quivered) {throwing}
 x - 2 curare-tipped darts {=fthrowing}
Armour
 y - a +2 hat (worn)
   (You found it on level 7 of the Dungeon)
Jewellery
 n - a ring of wizardry
   (You found it on level 4 of the Dungeon)
 p - a +4 ring of protection (left blade tentacle)
   (You found it on level 4 of the Dungeon)
 t - a ring of magical power
   (You found it on level 1 of the Lair of Beasts)
 I - a ring of willpower (right blade tentacle)
   (You bought it in a shop on level 9 of the Dungeon)
 K - a ring of willpower (on tentacle)
   (You found it on level 10 of the Dungeon)
 N - a ring of poison resistance (on tentacle)
   (You bought it in a shop on level 9 of the Dungeon)
 O - a ring of protection from cold (on tentacle)
   (You found it on level 2 of the Lair of Beasts)
Talismans
 b - a beast talisman
 c - a flux talisman
 k - a blade talisman (active)
   (You found it on level 3 of the Lair of Beasts)
Wands
 o - a wand of acid (3)
   (You took it off Ijyb on level 4 of the Dungeon)
 B - a wand of digging (2)
   (You found it on level 8 of the Dungeon)
 C - a wand of charming (1)
   (You found it on level 3 of the Lair of Beasts)
 H - a wand of polymorph (4)
   (You found it on level 9 of the Dungeon)
Scrolls
 f - 3 scrolls of brand weapon
 g - 4 scrolls of poison {!r}
 h - 6 scrolls of teleportation {@r4}
 j - a scroll of amnesia
 q - 2 scrolls of enchant armour
 r - a scroll of blinking {!r}
 s - 5 scrolls of enchant weapon
 v - a scroll of revelation
 F - 2 scrolls of vulnerability {unknown}
 G - a scroll of fog {unknown}
 J - a scroll of noise {unknown}
 L - 2 scrolls of immolation {!r!r}
 P - 2 scrolls of fear
Potions
 a - 3 potions of enlightenment
 d - 3 potions of cancellation
 e - a potion of magic
 i - 4 potions of attraction {!q}
 l - 11 potions of curing {@q1}
 m - 3 potions of resistance
 w - 2 potions of might {unknown}
 z - 2 potions of brilliance
 A - a potion of mutation {unknown}
 D - a potion of degeneration {unknown}
 E - 2 potions of heal wounds {@q2}
 M - 3 potions of haste {unknown}

Dungeon Overview and Level Annotations

Branches:
Dungeon (11/15) Zot: 26226  Temple (1/1) D:4 Zot: 5983    Lair (4/5) D:9 Zot: 19708
 Shoals (0/4) Lair:2        Snake (0/4) Lair:3        Sewer (visited)
  Slime: Lair:4-5       Orc: D:9-12

Altars:
Ashenzari
Cheibriados
Dithmenos
Elyvilon
Fedhas
Gozag
Hepliaklqana
Kikubaaqudgha
Makhleb
Nemelex Xobeh
Okawaru
Qazlal
Ru
Sif Muna
Trog
Uskayaw
Vehumet
Wu Jian
Xom
Yredelemnul
Zin
The Shining One

Shops:
D:9 =*

Annotations:
D:3 exclusion: downstairs
D:4 exclusion: ogre
D:9 exclusions: gnoll and gnoll sergeant
Lair:2 exclusion: oklob plant
Lair:3 exclusion: downstairs

......# ..
........#...
#..........
#......... #
##.......## #.#
#.........##..#.
#...............
#......@$......
.P.#......D.......
.......<..........
..................
..................
..................
..................
....#.............
..###...#....>...


You could see a five-headed hydra.


Message History

You start resting.
HP[+25]
Your hp is fully restored (82).
You now have 1296 gold pieces (gained 18).
There is a stone staircase leading down here.
You climb downwards.
The blink frog closely misses you. The blink frog hits you.
The blink frog blinks!
There is a stone staircase leading up here.
HP[-4]
You take 4 damage, and now have 78/82 hp.
The blink frog blinks!
HP[+1]
The blink frog closely misses you.
The blink frog blinks!
You climb upwards.
Level annotation: exclusion: downstairs
There is a stone staircase leading down here.
HP[+1]
You start resting.
HP[+2]
Your hp is fully restored (82).
You climb downwards.
The blink frog hits you.
The blink frog blinks!
There is a stone staircase leading up here.
HP[-2]
You take 2 damage, and now have 80/82 hp.
Press: ? - help, v - describe, . - travel
Here: a five-headed hydra (wandering, hasn't noticed you)
The floor.
You miss the blink frog.
The five-headed hydra roars!
You grab the blink frog.
You squeeze the blink frog, but do no damage.
You constrict the blink frog. The blink frog closely misses you.
You slice the blink frog!!
You kill the blink frog!
HP[+1]
You climb upwards.
Level annotation: exclusion: downstairs
There is a stone staircase leading down here.
HP[+1]
Your hp is fully restored (82).
You start waiting.
Done waiting.
You climb downwards.
The five-headed hydra barely misses you.
The five-headed hydra closely misses you.
The five-headed hydra barely misses you.
The five-headed hydra bites you.
The five-headed hydra bites you but does no damage.
The five-headed hydra completely misses you.
The five-headed hydra bites you!
The five-headed hydra barely misses you.
The five-headed hydra misses you.
The five-headed hydra barely misses you.
There is a stone staircase leading up here.
HP[-8]
You take 8 damage, and now have 74/82 hp.
You hit the five-headed hydra. You squeeze the five-headed hydra.
The five-headed hydra bites you.
The five-headed hydra bites you but does no damage.
The five-headed hydra bites you.
The five-headed hydra bites you but does no damage.
The five-headed hydra completely misses you.
HP[-1]
You take 1 damage, and now have 73/82 hp.
You barely miss the five-headed hydra.
Your squeeze misses the five-headed hydra.
You hit the five-headed hydra. You squeeze the five-headed hydra!
The five-headed hydra bites you. x2; The five-headed hydra misses you.
The five-headed hydra bites you but does no damage.
The five-headed hydra bites you!
HP[-21]
You take 21 damage, and now have 52/82 hp.
MASSIVE DAMAGE!! (PAUSE)
You slice the five-headed hydra!! You squeeze the five-headed hydra.
The five-headed hydra closely misses you.
The five-headed hydra misses you. The five-headed hydra bites you!
* * * LOW HITPOINT WARNING * * *
The five-headed hydra closely misses you.
The five-headed hydra bites you!
* * * LOW HITPOINT WARNING * * *
HP[-25]
You take 25 damage, and now have 27/82 hp.
MASSIVE DAMAGE!! (PAUSE)
You barely miss the five-headed hydra. The five-headed hydra misses you.
The five-headed hydra closely misses you.
The five-headed hydra bites you!
* * * LOW HITPOINT WARNING * * *
The five-headed hydra closely misses you.
The five-headed hydra barely misses you.
HP[-14]
You take 14 damage, and now have 13/82 hp.
You barely miss the five-headed hydra. You squeeze the five-headed hydra.
The five-headed hydra misses you. The five-headed hydra bites you.
* * * LOW HITPOINT WARNING * * *
The five-headed hydra bites you.
* * * LOW HITPOINT WARNING * * *
The five-headed hydra bites you!
You die...
Your body crumbles into a pile of gold.

Skill      XL: |  1  2  3  4  5  6  7  8  9 10 11 12 |
---------------+-------------------------------------+-----
Stealth        | 2 3 5 10 | 10.0
Fighting       | 3 4 5 8 |  8.0
Shapeshifting  | 4 6 9 10 13 | 13.5
Throwing       | 3 |  3.7
Unarmed Combat | 5 8 |  8.0
Dodging        | 3 7 8 |  8.0

Action                     |  1- 3 |  4- 6 |  7- 9 | 10-12 || total
---------------------------+-------+-------+-------+-------++-------
  Melee: Unarmed           |    74 |    64 |   352 |   559 ||  1049
         Tentacles         |    13 |    16 |    88 |   179 ||   296
         Constrict         |    20 |    14 |    88 |    92 ||   214
         Punch             |     1 |     6 |    13 |     3 ||    23
  Throw: Dart              |       |       |       |     8 ||     8
 Invoke: Call Merchant     |       |       |       |     2 ||     2
  Evoke: Wand              |       |       |     4 |    23 ||    27
    Use: Scroll            |       |     4 |    10 |     4 ||    18
         Potion            |       |     1 |     2 |     4 ||     7
   Stab: Sleeping          |     9 |    13 |    14 |     2 ||    38
         Distracted        |       |       |       |     5 ||     5
 Armour: Skin              |    32 |    20 |   183 |   266 ||   501
  Dodge: Dodged            |    41 |    24 |   217 |   403 ||   685
   Form: Flux              |       |       |     1 |     2 ||     3
                           |       |       |       |     2 ||     2
         Blade             |       |       |       |     1 ||     1

Levels and vault maps discovered:
D:1:      minmay_arrival_radiant_lines, layout_basic,
          shapermc_ecumenical_altar_pompeii
D:2:      layout_loops_corners
D:3:      layout_basic, nicolae_hepliaklqana_hippocampus, cheibrodos_gnoll_hut
D:4:      layout_loops_ring, minmay_temple_entry_grid,
          hangedman_decor_clover_reticule, hangedman_decor_points, uniq_ijyb,
          uniq_sigmund
D:5:      layout_loops_ring
D:6:      layout_layer_cave, good_gods_mini_temple, fedhas_altar_fruit_tree,
          lemuel_doored_altar, lightli_sewer_entry_pipes, minmay_diced_spiral
D:7:      layout_layer_cave, nemelex_dance_club_becter, uniq_menkaure
D:8:      layout_rooms, mainiacjoe_overflow_alcove_3,
          mainiacjoe_overflow_cross_hatched, marbit_many_paths,
          minmay_misc_feat_columns, uniq_prince_ribbit1
D:9:      kennysheep_blocky_hall, layout_basic, nicolae_ashenzari_skybound,
          erik_lair_orcish_takeover, kennysheep_generic_room_13
D:10:     layout_stronghold, grunt_decor_cap
D:11:     layout_irregular_city
Temple:   hellmonk_temple_rainy
Lair:1:   layout_cave_pods, minmay_lair_oklob_bushes,
          hangedman_lair_unloving_vines, beast_lair_carwin_3, lemuel_fruit_tree
Lair:2:   layout_long_grid, elwin_shoals_entry_rooms, grunt_megastairs_2
Lair:3:   minmay_lair_venomous_thicket, layout_loops_ring,
          guppyfry_snake_entry_island, chequers_serial_rivers_small_3,
          serial_bayou_lagoon_b, uniq_snorg
Lair:4:   layout_cave_pods, serial_bayou_shore_b, infiniplex_staircase_pool

Notes
Turn   | Place    | Note
-------+----------+-------------------------------------------
     0 | D:1      | zeratav the Octopode Shapeshifter began the quest for the
                  | Orb.
     0 | D:1      | Reached XP level 1. HP: 13/13 MP: 1/1
     0 | D:1      | magus.rc [v1.9.6]
    28 | D:1      | HP: 3/13 [frozen (4)]
    30 | D:1      | Reached skill level 1 in Stealth
   111 | D:1      | Reached skill level 2 in Stealth
   152 | D:1      | Found a faded altar of an unknown god.
   167 | D:1      | Reached XP level 2. HP: 18/18 MP: 2/2
   331 | D:1      | You pick up a book of Air and begin reading...
   331 | D:1      | You add the spells Shock, Swiftness and Airstrike to your
                  | library.
   347 | D:1      | Reached skill level 3 in Stealth
  1025 | D:2      | Reached XP level 3. HP: 18/23 MP: 3/3
  1261 | D:2      | Reached skill level 4 in Stealth
  1946 | D:2      | Reached skill level 5 in Stealth
  1984 | D:3      | Reached XP level 4. HP: 24/28 MP: 4/4
  2179 | D:3      | Reached skill level 2 in Fighting
  2183 | D:3      | Reached skill level 3 in Fighting
  2183 | D:3      | Reached XP level 5. HP: 22/36 MP: 5/5
  2389 | D:3      | Found a hazy altar of Hepliaklqana.
  2662 | D:4      | Noticed an ogre
  2711 | D:4      | Found a staircase to the Ecumenical Temple.
  2712 | D:4      | Noticed Ijyb
  2738 | D:4      | Killed Ijyb
  2739 | D:4      | Reached skill level 4 in Fighting
  2780 | Temple   | Entered the Ecumenical Temple
  2788 | Temple   | Became a worshipper of Gozag Ym Sagoz the Greedy
  2867 | D:4      | Noticed Sigmund
  2883 | D:4      | Reached XP level 6. HP: 38/44 MP: 6/6
  3129 | D:4      | Reached skill level 5 in Fighting
  3177 | D:4      | Killed Sigmund
  3178 | D:4      | Reached skill level 4 in Shapeshifting
  3178 | D:4      | Reached XP level 7. HP: 44/50 MP: 7/7
  3604 | D:4      | Reached skill level 5 in Shapeshifting
  4143 | D:5      | Entered Level 5 of the Dungeon
  4519 | D:5      | HP: 11/50 [centaur (6)]
  4704 | D:5      | You pick up a book of Transmutation and begin reading...
  4704 | D:5      | You add the spells Sublimation of Blood, Petrify and
                  | Irradiate to your library.
  4975 | D:5      | Reached skill level 6 in Shapeshifting
  5025 | D:5      | Reached XP level 8. HP: 53/55 MP: 8/8
  5267 | D:6      | Found a glowing drain.
  5278 | Sewer    | Entered a sewer
  5371 | Sewer    | Reached skill level 7 in Shapeshifting
  6000 | Sewer    | Reached skill level 8 in Shapeshifting
  6447 | D:6      | Reached skill level 9 in Shapeshifting
  6450 | D:6      | Reached XP level 9. HP: 42/61 MP: 9/9
  7055 | D:6      | Found a white marble altar of Elyvilon.
  7056 | D:6      | Found a glowing silver altar of Zin.
  7058 | D:6      | Found a glowing golden altar of the Shining One.
  7284 | D:6      | Found a blossoming altar of Fedhas.
  7382 | D:6      | Found a radiant altar of Vehumet.
  7742 | D:7      | Reached skill level 10 in Shapeshifting
  7805 | D:7      | Reached skill level 1 in Throwing
  8053 | D:7      | Reached skill level 2 in Throwing
  8060 | D:7      | Reached skill level 4 in Unarmed Combat
  8294 | D:7      | Reached skill level 3 in Throwing
  8479 | D:7      | Noticed Menkaure
  8486 | D:7      | Killed Menkaure
  8557 | D:7      | Reached skill level 5 in Unarmed Combat
  8740 | D:7      | Found a sparkling altar of Nemelex Xobeh.
  8974 | D:8      | Reached skill level 3 in Dodging
  8974 | D:8      | Reached XP level 10. HP: 66/66 MP: 10/10
  9092 | D:8      | Found a sacrificial altar of Ru.
  9252 | D:8      | Found a shimmering altar of Xom.
  9253 | D:8      | Found a hide-covered altar of Uskayaw.
  9254 | D:8      | Found a basalt altar of Yredelemnul.
  9255 | D:8      | Found an ornate altar of the Wu Jian Council.
  9373 | D:8      | Reached skill level 6 in Unarmed Combat
  9525 | D:8      | Reached skill level 4 in Dodging
  9606 | D:8      | Noticed Prince Ribbit
  9612 | D:8      | Killed Prince Ribbit
  9855 | D:8      | Found a burning altar of Makhleb.
  9884 | D:9      | Found a broken altar of Ashenzari.
 10481 | D:9      | Reached skill level 5 in Dodging
 10520 | D:9      | Reached skill level 7 in Unarmed Combat
 10778 | D:9      | Found a staircase to the Lair.
 11061 | D:9      | Bought a scroll of identify for 42 gold pieces
 11061 | D:9      | Bought a potion of curing for 63 gold pieces
 11061 | D:9      | Bought a knobbly granite ring for 105 gold pieces
 11104 | D:9      | Paralysed by a hornet for 2 turns
 11610 | D:10     | Entered Level 10 of the Dungeon
 11660 | D:10     | Reached skill level 6 in Dodging
 11973 | D:10     | Reached skill level 8 in Unarmed Combat
 12216 | D:10     | Reached skill level 7 in Dodging
 12230 | D:10     | Reached XP level 11. HP: 33/71 MP: 11/11
 12481 | D:9      | Reached skill level 8 in Dodging
 12828 | D:11     | Reached skill level 6 in Fighting
 12973 | Lair:1   | Entered Level 1 of the Lair of Beasts
 13088 | D:9      | Bought a ring of poison resistance for 300 gold pieces
 13150 | Lair:1   | HP: 10/74 [yak (13)]
 13155 | Lair:1   | Reached skill level 7 in Fighting
 13155 | Lair:1   | HP: 14/75 [yak (12)]
 13157 | D:9      | HP: 4/75 [yak (10)]
 13737 | Lair:1   | Reached skill level 8 in Fighting
 13744 | Lair:1   | Reached skill level 6 in Stealth
 13750 | Lair:1   | HP: 10/77 [cane toad (19)]
 13755 | Lair:1   | Reached skill level 7 in Stealth
 14008 | Lair:1   | Reached skill level 8 in Stealth
 14027 | Lair:1   | Reached skill level 9 in Stealth
 14446 | Lair:1   | Reached skill level 10 in Stealth
 14459 | Lair:1   | Noticed an oklob plant
 14480 | Lair:1   | Killed an oklob plant
 14481 | Lair:1   | Reached XP level 12. HP: 46/82 MP: 12/12
 15158 | Lair:2   | Reached skill level 11 in Shapeshifting
 15458 | Lair:2   | Found a staircase to the Shoals.
 15718 | Lair:2   | Identified the +4 war axe "Pepnoo" {heavy, rF- Will+ Dex+2
                  | Stlth+}
 15761 | Lair:2   | Noticed a seven-headed hydra
 15780 | Lair:2   | Killed a seven-headed hydra
 16262 | Lair:2   | You pick up a book of Death and begin reading...
 16262 | Lair:2   | You add the spells Haunt and Infestation to your library.
 16498 | Lair:3   | Reached skill level 12 in Shapeshifting
 16717 | Lair:3   | Noticed a four-headed hydra
 16725 | Lair:3   | Killed a four-headed hydra
 16899 | Lair:3   | Noticed Snorg
 16937 | Lair:4   | Noticed a catoblepas
 17040 | Lair:3   | Killed Snorg
 17208 | Lair:3   | Reached skill level 13 in Shapeshifting
 17214 | Lair:3   | Found a staircase to the Snake Pit.
 17659 | Lair:4   | Noticed a five-headed hydra
 17679 | Lair:3   | Killed a catoblepas
 17893 | Lair:4   | HP: 13/82 [five-headed hydra (14)]
 17894 | Lair:4   | Slain by a five-headed hydra

Vanquished Creatures
  Snorg (Lair:3)
  2 hydras
  A catoblepas (Lair:3)
  An oklob plant (Lair:1)
  2 black mambas
  9 cane toads
  A rime drake (Lair:1)
  4 komodo dragons
  A polar bear (Lair:3)
  Prince Ribbit (D:8)
  2 hornets
  A dream sheep (Lair:3)
  A blink frog (Lair:4)
  Sigmund (D:4)
  30 yaks
  4 wyverns
  3 basilisks (Lair:3)
  A warg (D:9)
  8 vampire mosquitoes
  Menkaure (D:7)
  A naga (Lair:3)
  An acid dragon (D:9)
  8 water moccasins
  2 black bears
  3 orc warriors
  A sky beast (D:8)
  2 ice beasts (D:6)
  6 wolves
  2 ogres (D:7)
  A phantom (D:5)
  A centaur (D:5)
  6 kobold brigands
  7 bullfrogs
  A gnoll sergeant (D:9)
  3 scorpions
  11 wights
  2 electric eels
  3 hounds
  A bombardier beetle (D:4)
  A jelly (D:6)
  5 orc priests
  2 gnoll boudas
  Ijyb (D:4)
  3 iguanas
  3 sleepcaps
  12 orc wizards
  6 hell rats (Lair:2)
  17 gnolls
  19 adders
  9 river rats
  2 shadow imps
  6 ufetubi (D:5)
  A dart slug (D:5)
  A ribbon worm (D:2)
  42 orcs
  16 endoplasms
  A giant cockroach (D:4)
  4 hobgoblins
  20 kobolds
  7 quokkas
  4 ball pythons
  5 bats
  7 frilled lizards
  5 goblins
  20 rats
356 creatures vanquished.

Vanquished Creatures (others)
  An orc wizard (D:9)
1 creature vanquished.

Grand Total: 357 creatures vanquished

Table legend:
 A = Non-vault XP
 B = Vault XP
 C = Vault XP percentage of total XP
 D = Non-vault monster count
 E = Vault monster count
 F = Vault count percentage of total count
                 A         B        C        D         E       F
            +---------+---------+-------+---------+---------+-------
      Total |   21818 |    8291 |  27.5 |     260 |      96 |  27.0
            +---------+---------+-------+---------+---------+-------
        D:1 |      30 |       0 |   0.0 |      19 |       0 |   0.0
        D:2 |      48 |       0 |   0.0 |      14 |       0 |   0.0
        D:3 |      68 |     104 |  60.5 |      13 |       3 |  18.8
        D:4 |     364 |     259 |  41.6 |      28 |       2 |   6.7
        D:5 |     436 |       0 |   0.0 |      17 |       0 |   0.0
        D:6 |     574 |     183 |  24.2 |      16 |       7 |  30.4
        D:7 |    1392 |     290 |  17.2 |      33 |       3 |   8.3
        D:8 |     956 |     363 |  27.5 |      24 |       2 |   7.7
        D:9 |    1095 |    1326 |  54.8 |      15 |      13 |  46.4
       D:10 |    2236 |       0 |   0.0 |      17 |       0 |   0.0
       D:11 |     730 |       0 |   0.0 |       4 |       0 |   0.0
     Lair:1 |    5680 |    2650 |  31.8 |      27 |       7 |  20.6
     Lair:2 |    3405 |     142 |   4.0 |      17 |       1 |   5.6
     Lair:3 |    4343 |    2380 |  35.4 |      14 |      13 |  48.1
     Lair:4 |     461 |       0 |   0.0 |       2 |       0 |   0.0
      Sewer |       0 |     594 | 100.0 |       0 |      45 | 100.0
            +---------+---------+-------+---------+---------+-------

Skill      XL: |  1  2  3  4  5  6  7  8  9 10 11 12 |
---------------+-------------------------------------+-----
Stealth        | 2 3 5 10 | 10.0
Fighting       | 3 4 5 8 |  8.0
Shapeshifting  | 4 6 9 10 13 | 13.5
Throwing       | 3 |  3.7
Unarmed Combat | 5 8 |  8.0
Dodging        | 3 7 8 |  8.0

Action                     |  1- 3 |  4- 6 |  7- 9 | 10-12 || total
---------------------------+-------+-------+-------+-------++-------
  Melee: Unarmed           |    74 |    64 |   352 |   559 ||  1049
         Tentacles         |    13 |    16 |    88 |   179 ||   296
         Constrict         |    20 |    14 |    88 |    92 ||   214
         Punch             |     1 |     6 |    13 |     3 ||    23
  Throw: Dart              |       |       |       |     8 ||     8
 Invoke: Call Merchant     |       |       |       |     2 ||     2
  Evoke: Wand              |       |       |     4 |    23 ||    27
    Use: Scroll            |       |     4 |    10 |     4 ||    18
         Potion            |       |     1 |     2 |     4 ||     7
   Stab: Sleeping          |     9 |    13 |    14 |     2 ||    38
         Distracted        |       |       |       |     5 ||     5
 Armour: Skin              |    32 |    20 |   183 |   266 ||   501
  Dodge: Dodged            |    41 |    24 |   217 |   403 ||   685
   Form: Flux              |       |       |     1 |     2 ||     3
                           |       |       |       |     2 ||     2
         Blade             |       |       |       |     1 ||     1

Illustrated notes

Table legend:
 A = Kills in this place as a percentage of kills in the entire game.
 B = Kills by you in this place as a percentage of kills by you in the entire game.
 C = Kills by friends in this place as a percentage of kills by friends in the entire game.
 D = Other kills in this place as a percentage of other kills in the entire game.
 E = Experience gained in this place as a percentage of experience gained in the entire game.
 F = Experience gained in this place divided by the number of levels of this place that you have seen.
                   A       B       C       D       E      F
               +-------+-------+-------+-------+-------+----------------------
         Total | 100.0 | 100.0 |   N/A |   N/A | 100.0 | 1771.1
       Dungeon |  64.6 |  64.6 |   N/A |   N/A |  34.7 | 950.4
          Lair |  22.8 |  22.8 |   N/A |   N/A |  63.3 | 4765.2
         Sewer |  12.6 |  12.6 |   N/A |   N/A |   2.0 | 594.0
               +-------+-------+-------+-------+-------+----------------------

Table legend: (Time is in decaauts)
 A = Elapsed time spent in this place.
 B = Non-inter-level travel time spent in this place.
 C = Inter-level travel time spent in this place.
 D = Time resting spent in this place.
 E = Time spent auto-exploring this place.
 F = Levels seen in this place.
 G = Mean time per level.
                   A        B        C        D        E       F      G
               +--------+--------+--------+--------+--------+-----+--------+
         Total |  17818 |  17023 |    795 |   4014 |   9269 |  17 | 1048.1 |
       Dungeon |  12622 |  12010 |    612 |   2496 |   7494 |  11 | 1147.5 |
        Temple |     16 |      1 |     15 |      0 |      0 |   1 |   16.0 |
          Lair |   4290 |   4123 |    167 |   1357 |   1399 |   4 | 1072.5 |
         Sewer |    888 |    888 |      0 |    161 |    376 |   1 |  888.0 |
               +--------+--------+--------+--------+--------+-----+--------+

Top non-repeatable levels by time:
     D:9: 2397 daAuts
     D:4: 1618 daAuts
  Lair:1: 1565 daAuts
     D:6: 1548 daAuts
  Lair:3: 1427 daAuts
     D:7: 1383 daAuts
  Lair:2: 1260 daAuts
     D:8: 1122 daAuts
     D:2: 997 daAuts
     D:1: 977 daAuts
    D:10: 904 daAuts
   Sewer: 888 daAuts
     D:3: 801 daAuts
     D:5: 792 daAuts
    D:11: 77 daAuts
